 Dungeon Crawl Stone Soup version 0.29-a0-559-g359e09b (webtiles) character file.

Game seed: 5866522468647723679

119 BingusPrime the Magician (level 5, 0/35 HPs)
             Began as a Djinni Ice Elementalist on June 10, 2022.
             Slain by an adder (2 damage)
             ... on level 3 of the Dungeon.
             The game lasted 00:12:04 (2958 turns).

BingusPrime the Magician (Djinni Ice Elementalist)  Turns: 2958, Time: 00:12:05

Health: 0/35       AC:  2    Str:  7    XL:     5   Next: 23%
Gold:   111        EV: 13    Int: 19    God:
                   SH:  0    Dex: 13

rFire   + + +      SeeInvis .   (no weapon)
rCold   x x .      Faith    .   (no shield)
rNeg    . . .      Spirit   .   a - +0 robe
rPois   ∞          Reflect  .   (no helmet)
rElec   .          Harm     .   (no cloak)
rCorr   .          Rampage  .   (no gloves)
Will    .....                   (boots unavailable)
Stlth   ++........              (no amulet)
HPRegen 0.11/turn               e - ring of fire
MPRegen 0.00/turn               (no ring)

@: flying
A: sickness immunity, fire resistance 2, cold vulnerability 1, float, innate
caster, HP casting, extra vitality 1
a: no special abilities


You were on level 3 of the Dungeon.
You visited 1 branch of the dungeon, and saw 3 of its levels.

You collected 111 gold pieces.

Inventory:

Missiles
 b - 6 poisoned darts
 n - 43 stones
 o - 6 boomerangs (quivered)
Armour
 a - a +0 robe (worn)
Jewellery
 e - a ring of fire (left hand)
Scrolls
 c - a scroll of fog {unknown}
 d - 4 scrolls of identify {unknown}
 f - 2 scrolls of fear {unknown}
 i - 2 scrolls of magic mapping {unknown}
 k - a scroll of teleportation {unknown}
Potions
 g - 2 potions of brilliance {unknown}
 h - a potion of haste {unknown}
 j - a potion of curing {unknown}
 l - a potion of might {unknown}
 m - 2 potions of flight {unknown}


   Skills:
 + Level 3.3 Dodging
 + Level 2.6 Stealth
 * Level 4.1 Spellcasting


You couldn't memorise any spells.
You knew the following spells:

 Your Spells              Type           Power      Damage    Failure   Level
a - Freeze                Ice            76%        1d9       2%          1
b - Frozen Ramparts       Ice            38%        1d5       8%          3
c - Ozocubu's Armour      Ice            19%        N/A       8%          3
d - Hailstorm             Conj/Ice       19%        3d6       26%         4
e - Summon Small Mammal   Summ           76%        N/A       2%          1
f - Poisonous Vapours     Pois/Air       38%        N/A       3%          2
Your spell library was empty.

Dungeon Overview and Level Annotations

Branches:
Dungeon (3/15)

Altars:


Innate Abilities, Weirdness & Mutations

You are immune to sickness and miasma.
You are immune to poison.
Your flesh is very heat resistant. (rF++)
You are vulnerable to cold. (rC-)
You float through the air rather than walking.
You learn spells naturally, not from books.
Your magical power is your life essence.
You have superior vitality. (+4 MHP)


Message History

You hit the adder but do no damage. You punch the adder.
The adder is heavily wounded.
The adder bites you. The adder barely misses you.
You miss the adder.
The adder is heavily wounded.
The adder bites you.
You closely miss the adder.
The adder is heavily wounded.
The adder closely misses you.
You barely miss the adder.
The adder is heavily wounded.
The adder bites you.
* * * LOW HITPOINT WARNING * * *
The adder barely misses you.
You hit the adder but do no damage.
The adder is heavily wounded.
The adder bites you.
* * * LOW HITPOINT WARNING * * *
You hit the adder.
The adder is severely wounded.
The walls and floor vibrate strangely for a moment.
The adder closely misses you.
You completely miss the adder. Your punch misses the adder.
The adder is severely wounded.
The adder barely misses you. The adder closely misses you.
You hit the adder.
The adder is severely wounded.
The adder closely misses you.
You hit the adder but do no damage.
The adder is severely wounded.
The adder bites you.
* * * LOW HITPOINT WARNING * * *
You closely miss the adder.
The adder is severely wounded.
The adder bites you.
* * * LOW HITPOINT WARNING * * *
You closely miss the adder.
The adder is severely wounded.
The adder barely misses you. The adder bites you.
You die...

#.##.##.# ### .)
...##.#
#.#.#...#.########
..
#.#.#.#........##
# .#...#.###.....#
......# #.....#
#..##.# #.....#
#.S...# ##...##
###@#### ##.##
#.....# #.#
#...!.# #.#
#.....######.####
#.....##........#
#.....##..##.#..#
##........##.#..#
#>####...#..#..#
#. #...#.##..#


You could see an adder.

Vanquished Creatures
  A scorpion (D:3)
  An adder (D:2)
  A worm (D:2)
  A dart slug (D:3)
  An orc (D:3)
  10 endoplasms
  3 giant cockroaches
  A goblin (D:2)
  5 hobgoblins
  2 kobolds
  5 ball pythons
  A bat (D:1)
  A frilled lizard (D:1)
  6 rats
39 creatures vanquished.

Notes
Turn   | Place    | Note
-------+----------+-------------------------------------------
     0 | D:1      | BingusPrime the Djinni Ice Elementalist began the quest for
                  | the Orb.
     0 | D:1      | Reached XP level 1. HP: 15/15 MP: 0/0
   209 | D:1      | Reached XP level 2. HP: 7/21 MP: 0/0
   538 | D:1      | Found a faded altar of an unknown god.
  1200 | D:2      | Reached XP level 3. HP: 16/25 MP: 0/0
  1200 | D:2      | Learned a level 1 spell: Summon Small Mammal
  2089 | D:2      | Reached XP level 4. HP: 12/31 MP: 0/0
  2489 | D:3      | Noticed a scorpion
  2502 | D:3      | Killed a scorpion
  2503 | D:3      | Reached skill level 4 in Spellcasting
  2503 | D:3      | Reached XP level 5. HP: 11/35 MP: 0/0
  2503 | D:3      | Learned a level 2 spell: Poisonous Vapours
  2896 | D:3      | Got the Papyrus of Flamy Conjuration
  2958 | D:3      | Slain by an adder

Illustrated notes

Levels and vault maps discovered:
D:1:      dpeg_arrival_long_road, layout_basic,
          shapermc_ecumenical_altar_mp_urbaneastern
D:2:      layout_basic
D:3:      layout_loops_cross, cheibrodos_sewer_entry_bend

Skill      XL: |  1  2  3  4 |
---------------+-------------+-----
Stealth        | 2 |  2.6
Dodging        | 3 |  3.3
Spellcasting   | 4 |  4.1

Action                   |  1- 3 |  4- 6 || total
-------------------------+-------+-------++-------
Melee: Unarmed           |     9 |    40 ||    49
       Punch             |       |     1 ||     1
Throw: Boomerang         |       |     5 ||     5
 Cast: Freeze            |    54 |    13 ||    67
       Summon Small Mamm |       |     3 ||     3
       Ozocubu's Armour  |       |     1 ||     1
       Frozen Ramparts   |       |     1 ||     1
 Stab: Sleeping          |     1 |     1 ||     2
Armor: Robe              |    14 |     3 ||    17
Dodge: Dodged            |    24 |    38 ||    62

Table legend: (Time is in decaauts)
 A = Elapsed time spent in this place.
 B = Non-inter-level travel time spent in this place.
 C = Inter-level travel time spent in this place.
 D = Time resting spent in this place.
 E = Time spent auto-exploring this place.
 F = Levels seen in this place.
 G = Mean time per level.
                   A        B        C        D        E       F      G
               +--------+--------+--------+--------+--------+-----+--------+
         Total |   2958 |   2244 |    714 |    858 |   1000 |   3 |  986.0 |
       Dungeon |   2958 |   2244 |    714 |    858 |   1000 |   3 |  986.0 |
               +--------+--------+--------+--------+--------+-----+--------+

Top non-repeatable levels by time:
     D:1: 1189 daAuts
     D:2: 1137 daAuts
     D:3: 631 daAuts
